 Dungeon Crawl Stone Soup version 0.23.2-40-g277498a001 (webtiles) character file.

Game seed: 3909936517090655287

198 Exodus22XD the Chopper (level 5, -4/70 HPs)
             Began as a Hill Orc Monk on Sept 6, 2019.
             Slain by a wight
             ... wielding a cursed +5 trident
              (8 damage)
             ... on level 3 of the Dungeon.
             The game lasted 00:03:41 (2088 turns).

Exodus22XD the Chopper (Hill Orc Monk)              Turns: 2088, Time: 00:03:41

Health: -4/70      AC:  6    Str: 20    XL:     5   Next: 76%
Magic:  5/5        EV: 12    Int:  7    God:
Gold:   105        SH:  0    Dex: 16    Spells: 4/4 levels left

rFire    . . .     SeeInvis .   u - +0 war axe
rCold    . . .     Gourm    .   (no shield)
rNeg     . . .     Faith    .   f - +0 ring mail (curse)
rPois    .         Spirit   .   l - +0 helmet (curse)
rElec    .         Reflect  .   (no cloak)
rCorr    .         Harm     .   (no gloves)
MR       .....                  (no boots)
Stlth    ..........             q - amulet of rage
HPRegen  0.21/turn              j - -3 ring of intelligence (curse)
MPRegen  0.09/turn              p - +3 ring of dexterity

@: berserking, drained, very quick
A: no striking features
a: Evoke Berserk Rage


You were on level 3 of the Dungeon.
You were hungry.

You visited 1 branch of the dungeon, and saw 3 of its levels.

You collected 105 gold pieces.

Inventory:

Hand Weapons
 u - a +0 war axe (weapon)
Armour
 b - a +0 robe
 f - a cursed +0 ring mail (worn)
 l - a cursed +0 helmet (worn)
Jewellery
 j - a cursed -3 ring of intelligence (left hand)
 p - a +3 ring of dexterity (right hand)
 q - an amulet of rage (around neck)
 t - an uncursed ring of protection from fire {unknown}
Wands
 a - a wand of flame (16)
Scrolls
 i - 2 scrolls of magic mapping {unknown}
 m - a scroll of enchant armour {unknown}
 o - a scroll of immolation {unknown}
 r - 3 scrolls of teleportation {unknown}
 s - 2 scrolls of blinking {unknown}
 v - a scroll of remove curse {unknown}
Potions
 d - 2 potions of curing {unknown}
 e - a potion of invisibility {unknown}
 g - 5 potions of lignification {unknown}
 h - 4 potions of heal wounds {unknown}
 k - 3 potions of agility {unknown}
 n - a potion of berserk rage {unknown}
Comestibles
 c - 4 rations
 w - 2 chunks of flesh


   Skills:
 + Level 4.5(3.7) Fighting
 + Level 6.4(5.5) Axes
 + Level 2.1(1.4) Armour
 + Level 3.0(2.2) Dodging
 + Level 1.5(0.8) Stealth


You had 4 spell levels left.
You didn't know any spells.
Your spell library was empty.

Dungeon Overview and Level Annotations

Branches:
Dungeon (3/15)

Altars:
Hepliaklqana


Message History

* * * LOW HITPOINT WARNING * * *
The wight barely misses you.
You barely miss the wight.
The wight is almost destroyed.
The wight barely misses you. x2
Unknown command.
You closely miss the wight.
The wight is almost destroyed.
The wight hits you from afar with a cursed +5 trident!
* * * LOW HITPOINT WARNING * * *
The wight misses you.
Unknown command.
You barely miss the wight.
The wight is almost destroyed.
You slash the wight!
You destroy the wight!
Your base Armour skill increases to level 2!
Your base Dodging skill increases to level 3!
The wight hits you from afar with a cursed +5 trident!
You die...

#. #......# #..#
#......# ...#.##..?...#
.. #..?.##...... ..#
#..#.......# ..
#..........# #.##
#..#...z...# ..# #..#
#S...# ######.#
#..####@#..#
#....#.###.).....#(##
..........#...........#
#....##.#.#.######.####
#....##...#........#
#....###..#.########
#....###..#.#
##........#.#
#.####...#.#


You could see a wight and an adder.

Vanquished Creatures
  2 wights (D:3)
  A worker ant (D:3)
  3 adders
  An ooze (D:3)
  A worm (D:2)
  5 dart slugs
  2 leopard geckos
  3 giant cockroaches
  7 goblins
  6 hobgoblins
  A quokka (D:2)
  6 bats
  A frilled lizard (D:1)
  5 kobolds
  4 rats
48 creatures vanquished.

Notes
Turn   | Place    | Note
-------+----------+-------------------------------------------
     0 | D:1      | Exodus22XD the Hill Orc Monk began the quest for the Orb.
     0 | D:1      | Reached XP level 1. HP: 19/19 MP: 1/1
    75 | D:1      | Reached XP level 2. HP: 25/27 MP: 2/2
   461 | D:1      | Reached XP level 3. HP: 29/33 MP: 3/3
  1021 | D:2      | Reached skill level 5 in Axes
  1184 | D:2      | Reached XP level 4. HP: 31/40 MP: 4/4
  1191 | D:2      | Found a hazy altar of Hepliaklqana.
  1682 | D:3      | Reached skill level 1 in Armour
  2063 | D:3      | Reached skill level 6 in Axes
  2063 | D:3      | Reached XP level 5. HP: 37/47 MP: 5/5
  2088 | D:3      | Slain by a wight

Skill      XL: |  1  2  3  4  5 |
---------------+----------------+-----
Fighting       | 4 |  4.5
Axes           | 5 6 |  6.4
Armour         | 1 2 |  2.1
Dodging        | 3 |  3.0
Stealth        | |  1.5

Action                   |  1- 3 |  4- 6 || total
-------------------------+-------+-------++-------
Melee: Hand axe          |   106 |    26 ||   132
       War axe           |       |    38 ||    38
 Abil: Evoke Berserk Rag |       |     1 ||     1
 Stab: Sleeping          |     1 |       ||     1
  Eat: Chunk             |     1 |     3 ||     4
Armor: Robe              |     8 |       ||     8
       Ring mail         |    34 |    23 ||    57
Dodge: Dodged            |    48 |    41 ||    89
